AoeStats
← Мордочка в кефире

Fortress

509887712Analyzed
4v4 RM · 4d ago on Sep 28, 2026· 56m 34s· 8 players
Game mode
Random Map
Map size
Huge
Population
200
Speed
Normal
Resources
Standard
Victory
Conquest
Starting age
Dark Age
Ending age
Imperial Age
RankedLock teamsTeams togetherTeam positionsShared explorationLock speedFull tech treeHidden civsTurbo modeCheats
Victory
Defeat
🇨🇳 Persians · China
1282
+15
🇭🇰 Saracens · Hong Kong SAR China
1275
+16
1238
+17
🇸🇪 Britons · Sweden
1196
+19
🇨🇳 Japanese · China
1328
-19
🇦🇷 Malians · Argentina
1284
-18
🇮🇳 Vietnamese · India
1218
-15
🇮🇳 Persians · India
1218
-15
Мордочка в кефире
5:58 Feudal Age
7:44 Double-Bit Axe
7:44 Horse Collar
8:36 Loom
16:57 Castle Age
15:09 Town Watch
16:08 Wheelbarrow
16:11 Scale Barding Armor
16:25 Bloodlines
16:16 Gold Mining
19:56 Hand Cart
20:25 Steppe Husbandry
22:57 Imperial Age
21:45 Chain Barding Armor
22:59 Bow Saw
22:51 Stone Mining
23:31 Forging
25:14 Iron Casting
24:34 Elite Steppe Lancer
25:55 Plate Barding Armor
26:47 Heavy Plow
28:21 Blast Furnace
41:40 Light Cavalry
44:39 Crop Rotation
45:11 Two-Man Saw
45:17 Gold Shaft Mining
45:15 Town Patrol
45:50 Hussar
50:16 Caravan
54:06 Spies/Treason
55:06 Conscription
ikaros
8:04 Feudal Age
11:37 Castle Age
9:27 Double-Bit Axe
11:48 Horse Collar
12:30 Loom
15:20 Bow Saw
19:21 Fletching
20:40 Bodkin Arrow
20:50 Padded Archer Armor
22:42 Leather Archer Armor
23:36 Ballistics
29:14 Imperial Age
29:39 Yeomen
30:09 Bracer
31:10 Chemistry
29:45 Elite Longbowman
29:54 Pikeman
32:13 Ring Archer Armor
34:17 Conscription
34:48 Scale Mail Armor
38:47 Halberdier
39:27 Squires
39:43 Chain Mail Armor
43:10 Plate Mail Armor
44:45 Forging
44:22 Arson
45:07 Caravan
45:42 Siege Engineers
45:48 Fortified Wall
45:49 Masonry
46:16 Wheelbarrow
45:46 Capped Ram
47:50 Scale Barding Armor
48:41 Husbandry
49:36 Chain Barding Armor
50:03 Iron Casting
48:50 Light Cavalry
49:30 Husbandry
54:15 Spies/Treason
55:29 Cavalier
57:38 Blast Furnace
一梦千年
7:09 Feudal Age
11:11 Castle Age
9:02 Double-Bit Axe
9:05 Horse Collar
13:56 Bow Saw
21:01 Wheelbarrow
20:38 Scale Barding Armor
21:13 Town Watch
22:34 Husbandry
23:41 Chain Barding Armor
24:49 Forging
25:21 Bloodlines
30:02 Imperial Age
27:48 Hand Cart
27:19 Loom
27:35 Town Patrol
28:39 Iron Casting
29:42 Elite War Elephant
33:07 Conscription
34:29 Heavy Plow
34:32 Light Cavalry
35:48 Stone Mining
35:50 Gold Mining
36:56 Plate Barding Armor
37:22 Blast Furnace
36:51 Caravan
39:32 Fletching
39:06 Hussar
41:19 Crop Rotation
54:37 Spies/Treason
cheung1993
7:18 Feudal Age
10:58 Castle Age
8:50 Horse Collar
9:18 Double-Bit Axe
11:59 Bow Saw
12:00 Loom
13:53 Wheelbarrow
18:36 Hand Cart
18:48 Stone Mining
38:24 Imperial Age
36:58 Scale Barding Armor
37:06 Caravan
37:45 Bloodlines
37:36 Husbandry
37:48 Forging
39:25 Chain Barding Armor
40:36 Heavy Plow
41:26 Light Cavalry
42:43 Plate Barding Armor
42:44 Iron Casting
42:59 Coinage
42:46 Hussar
43:20 Heavy Camel Rider
43:31 Heavy Camel Rider
44:46 Banking
46:27 Blast Furnace
48:17 Hussar
53:09 Two-Man Saw
54:16 Town Watch
Aka1412
9:04 Feudal Age
10:46 Loom
13:28 Castle Age
13:18 Horse Collar
13:24 Double-Bit Axe
14:14 Fletching
16:18 Ballistics
16:32 Bodkin Arrow
19:52 Padded Archer Armor
23:19 Wheelbarrow
29:19 Pikeman
36:03 Murder Holes
41:17 Hand Cart
43:31 Squires
CyberAthlete
7:00 Feudal Age
11:16 Castle Age
10:08 Double-Bit Axe
10:07 Horse Collar
10:53 Gold Mining
15:07 Loom
19:12 Husbandry
20:40 Wheelbarrow
23:16 Scale Barding Armor
29:15 Imperial Age
28:01 Bow Saw
28:05 Heavy Plow
30:30 Hand Cart
32:37 Two-Man Saw
31:25 Heavy Camel Rider
33:19 Forging
36:56 Chain Barding Armor
37:11 Iron Casting
37:27 Iron Casting
37:47 Crop Rotation
38:55 Block Printing
笑春风
8:29 Feudal Age
9:59 Double-Bit Axe
9:55 Horse Collar
13:08 Castle Age
11:35 Fletching
11:46 Padded Archer Armor
13:10 Wheelbarrow
15:09 Bow Saw
21:37 Imperial Age
19:47 Leather Archer Armor
19:57 Ballistics
20:16 Loom
20:29 Gold Mining
21:09 Heavy Plow
21:06 Bodkin Arrow
22:19 Bloodlines
22:10 Husbandry
23:38 Parthian Tactics
23:13 Stone Mining
26:37 Bracer
27:32 Conscription
28:32 Gold Shaft Mining
28:58 Kataparuto
28:57 Thumb Ring
29:36 Ring Archer Armor
31:22 Chemistry
30:03 Treadmill Crane
30:34 Masonry
31:30 Heavy Cavalry Archer
32:13 Town Watch
34:38 Squires
34:24 Gambesons
34:24 Arson
34:00 Pikeman
34:41 Scale Mail Armor
34:52 Forging
40:18 Chain Mail Armor
40:39 Iron Casting
42:03 Plate Mail Armor
41:19 Elite Skirmisher
41:49 Halberdier
43:31 Blast Furnace
42:46 Imperial Skirmisher
44:48 Two-Man Saw
43:56 Crossbowman
45:53 Murder Holes
45:49 Guard Tower
45:24 Arbalester
小肥羊
7:20 Feudal Age
11:15 Castle Age
9:04 Horse Collar
9:46 Double-Bit Axe
13:09 Heavy Plow
18:20 Wheelbarrow
19:43 Bow Saw
20:59 Town Watch
21:31 Hand Cart
21:02 Loom
25:58 Imperial Age
23:49 Scale Barding Armor
23:56 Forging
24:52 Chain Barding Armor
25:22 Bloodlines
25:14 Husbandry
26:07 Gold Mining
26:03 Cavalier
27:21 Plate Barding Armor
27:23 Iron Casting
27:44 Gold Shaft Mining
27:36 Guilds
28:12 Farimba
28:33 Conscription
27:38 Capped Ram
27:55 Heavy Camel Rider
29:49 Fletching
29:59 Scale Mail Armor
30:05 Tigui
30:46 Coinage
30:17 Caravan
30:57 Light Cavalry
35:16 Bodkin Arrow
39:47 Chain Mail Armor
40:40 Hoardings
40:39 Masonry
40:51 Ballistics
41:32 Chemistry
40:30 Murder Holes
44:53 Architecture
Connection lost

Rejoining the realm…

Still unreachable

The connection could not be restored.

Session expired

The server has moved on; the page needs a fresh start.